Match 45127906
Unlisted

Match 45127906
End
Selects Panzerjäger Kommand Battlegroup
Selects Mine Fields
Panzergrenadier Squad
250 Light Carrier
250 Light Carrier
Construct Light Support Kompanie
Combat Half-tracks
Fire Support Elements
Panzerjäger Squad
MG34 Team
Panzerjäger Mechanized Group
Selects Defensive Positions
Construct Panzerarmee Kommand
2.5-tonne Medical Truck
Emergency Repair Kits
Selects Tank Busters
Walking Stuka Rocket Launcher
Walking Stuka Rocket Launcher
Selects Butterfly Bomb Drop
Armored Reserves
2.5-tonne Medical Truck
Veteran Squad Leaders
Panzerjäger Squad
Butterfly Bomb Drop
Selects Crew Shock Tactics
Tiger Heavy Tank
Tungsten Core Ammunition
2.5-tonne Medical Truck
sgt
XD
welnez
Tanith's Finest
諾爾斯
B Ranked Aura Farmer
我不會說中文
HackerBlack_Sunday
0
0

Comments sign in to comment!

No comments posted yet!